 Dungeon Crawl Stone Soup version 0.31.0-12-g77e489cdc1 (webtiles) character file.

Game seed: 15115020830718724330

2440 spaghetti the Skirmisher (level 9, -1/54 HPs)
             Began as a Demonspawn Hunter on Feb 18, 2024.
             Was a Follower of Hepliaklqana.
             Shot with a sling bullet by Joseph (10 damage)
             ... on level 8 of the Dungeon.
             The game lasted 00:07:08 (6716 turns).

spaghetti the Skirmisher (Demonspawn Hunter)        Turns: 6716, Time: 00:07:09

Health: -1/54      AC:  4    Str: 18    XL:     9   Next: 25%
Magic:  9/9        EV: 12    Int:  9    God:    Hepliaklqana [*.....]
Gold:   356        SH:  0    Dex: 21    Spells: 8/8 levels left

rFire   . . .        a - +2 shortbow (elec)
rCold   . . .        (shield currently unavailable)
rNeg    . . .        c - +1 leather armour
rPois   .            (helmet unavailable)
rElec   .            (no cloak)
rCorr   .            (no gloves)
SInv    +            (no boots)
Will    .....        (no amulet)
Stlth   ++           g - ring of see invisible
HPRegen 0.29/turn    u - +6 ring of strength
MPRegen 0.11/turn

%: no passive effects
@: no status effects
A: reduced essence, horns 3, demonic magic 2, demonic touch 1
a: Renounce Religion, Recall Ancestor, Ancestor Identity


You were on level 8 of the Dungeon.
You worshipped Hepliaklqana.
Hepliaklqana was aware of your devotion.
You visited 2 branches of the dungeon, and saw 9 of its levels.
You also visited: Sewer.

You collected 356 gold pieces.

Inventory:

Hand Weapons
 a - a +2 shortbow of electrocution (weapon)
 B - the +9 mace of the Land of Plenty {drain, rElec}
   (You found it on level 7 of the Dungeon)

   rElec:     It insulates you from electricity.
Missiles
 y - a curare-tipped dart
Armour
 c - a +1 leather armour (worn)
Jewellery
 g - a ring of see invisible (left hand)
 s - a ring of positive energy
 u - a +6 ring of strength (right hand)
 C - a +6 ring of strength
Wands
 k - a wand of mindburst (8)
 n - a wand of digging (4)
 r - a wand of flame (37)
Scrolls
 b - 3 scrolls of butterflies
 d - 2 scrolls of fog
 e - a scroll of vulnerability
 h - 4 scrolls of teleportation
 m - 4 scrolls of blinking
 o - 2 scrolls of fear
 q - 2 scrolls of silence
 v - a scroll of brand weapon
 x - 3 scrolls of revelation
 z - a scroll of torment {unknown}
 A - a scroll of enchant armour
Potions
 f - a potion of ambrosia
 i - 3 potions of heal wounds
 j - 3 potions of magic
 l - 6 potions of haste {unknown}
 p - a potion of enlightenment {unknown}
 t - a potion of lignification {unknown}
 w - a potion of might {unknown}


   Skills:
 - Level 2.0 Fighting
 + Level 12.0 Ranged Weapons
 - Level 1.7 Dodging
 - Level 0.8 Stealth


You had 8 spell levels left.
You didn't know any spells.
Your spell library contained the following spells:

 Spells                   Type           Power      Damage    Failure   Level
 Ensorcelled Hibernation  Hex/Ice        0%         N/A       58%         2
 Fugue of the Fallen      Necr           0%         N/A       82%         3
 Hailstorm                Conj/Ice       0%         3d5       82%         3
 Summon Ice Beast         Ice/Summ       0%         N/A       82%         3
 Anguish                  Hex/Necr       0%         N/A       99%         4
 Animate Armour           Summ/Erth      0%         N/A       99%         4
 Summon Lightning Spire   Summ/Air       0%         N/A       99%         4
 Lee's Rapid Deconstruct  Erth           0%         3d4*      100%        5
 Conjure Ball Lightning   Conj/Air       0%         3x3d6     100%        6
 Sculpt Simulacrum        Ice/Alch       0%         N/A       100%        6
 Discord                  Hex            0%         N/A       100%        8
 Disjunction              Tloc           0%         N/A       100%        8


Dungeon Overview and Level Annotations

Branches:
Dungeon (8/15)             Temple (1/1) D:5            Lair (0/5) D:8
  Sewer (visited)

Altars:
Ashenzari
Cheibriados
Dithmenos
Fedhas
Gozag
Hepliaklqana
Kikubaaqudgha
Makhleb
Qazlal
Ru
Sif Muna
Trog
Uskayaw
Vehumet
Wu Jian
Xom
Lugonu

Shops:
D:7 =

Portals:
Abyss: D:3

Annotations:
D:8 Joseph


Innate Abilities, Weirdness & Mutations

Your life essence is reduced to manifest your ancestor. (-10% HP)
You have a pair of large horns on your head.
Spells you cast may paralyse nearby enemies.
Your touch may inflict minor irresistible damage on your foes.


Message History

You are too injured to fight recklessly!
You are too injured to fight recklessly!
You are too injured to fight recklessly!
You are too injured to fight recklessly!
You are too injured to fight recklessly!
You are too injured to fight recklessly!
You are too injured to fight recklessly!
You are too injured to fight recklessly!
You are too injured to fight recklessly!
You are too injured to fight recklessly!
You are too injured to fight recklessly!
You are too injured to fight recklessly!
You are too injured to fight recklessly!
You are too injured to fight recklessly!
You are too injured to fight recklessly!
You are too injured to fight recklessly!
Fire: a) +2 shortbow (elec)
Press: ? - help, Q - select action, (/) - cycle Shift-Dir - straight line, f/p - Joseph
Aim: Joseph, wielding a +0 sling and wearing a +0 leather armour (almost dead, 71% to hit)
You shoot an arrow.
The arrow hits Joseph but does no damage.
Joseph is almost dead.
Joseph shoots a sling bullet.
The sling bullet hits you!!
Fire: a) +2 shortbow (elec)
Press: ? - help, Q - select action, (/) - cycle Shift-Dir - straight line, f/p - Joseph
Aim: Joseph, wielding a +0 sling and wearing a +0 leather armour (almost dead, 71% to hit)
You shoot an arrow. The arrow hits Joseph.
Joseph is almost dead.
Fire: a) +2 shortbow (elec)
Press: ? - help, Q - select action, (/) - cycle Shift-Dir - straight line, f/p - Joseph
Aim: Joseph, wielding a +0 sling and wearing a +0 leather armour (almost dead, 71% to hit)
You shoot an arrow. The arrow barely misses Joseph.
Joseph shoots a sling bullet.
The sling bullet hits you!
* * * LOW HITPOINT WARNING * * *
Fire: a) +2 shortbow (elec)
Press: ? - help, Q - select action, (/) - cycle Shift-Dir - straight line, f/p - Joseph
Aim: Joseph, wielding a +0 sling and wearing a +0 leather armour (almost dead, 71% to hit)
You shoot an arrow. The arrow barely misses Joseph.
Joseph shoots a sling bullet.
The sling bullet hits you!
You die...

##### #...#
##...#######
#...@'..@...
#....####### #....#
#.##########
#>R........##+#
###.)#####..#.#######
##)# #..R......#
##'### ##.######'#
#....# #..# #...


You could see Joseph.

Vanquished Creatures
  An acid dragon (D:6)
  2 orc warriors (D:8)
  A sky beast (D:7)
  An ogre (D:5)
  A crocodile (Sewer)
  An ice beast (D:7)
  3 phantoms
  A bullfrog (D:8)
  3 kobold brigands
  A brain worm (Sewer)
  8 wights
  4 jellies
  2 hounds
  An orc priest (D:8)
  A gnoll bouda (D:8)
  4 iguanas
  An orc wizard (D:4)
  9 gnolls
  10 adders
  2 river rats (Sewer)
  A white imp (D:7)
  4 ufetubi
  3 ribbon worms
  5 dart slugs
  12 orcs
  8 ball pythons
  3 endoplasms
  5 giant cockroaches
  6 goblins
  4 hobgoblins
  11 jackals
  13 kobolds
  2 quokkas
  9 bats
  3 frilled lizards
  6 rats
  A lurking horror (D:3)
153 creatures vanquished.

Vanquished Creatures (collateral kills)
  A wight (D:8)
  A howler monkey (D:7)
  A gnoll (D:8)
  2 river rats (Sewer)
  An orc (D:8)
  A frilled lizard (Sewer)
  A kobold (D:8)
8 creatures vanquished.

Vanquished Creatures (others)
  A human (D:7)
  2 ancestors (D:8)
3 creatures vanquished.

Grand Total: 164 creatures vanquished

Notes
Turn   | Place    | Note
-------+----------+-------------------------------------------
     0 | D:1      | spaghetti the Demonspawn Hunter began the quest for the
                  | Orb.
     0 | D:1      | Reached XP level 1. HP: 16/16 MP: 1/1
   388 | D:1      | Reached skill level 4 in Ranged Weapons
   399 | D:1      | Discovered your monstrous ancestry.
   399 | D:1      | Gained mutation: You have a pair of small horns on your
                  | head. [demonic ancestry]
   399 | D:1      | Reached XP level 2. HP: 22/22 MP: 2/2
  1103 | D:2      | Gained mutation: You have a pair of horns on your head.
                  | [demonic ancestry]
  1103 | D:2      | Reached XP level 3. HP: 26/27 MP: 3/3
  1407 | D:2      | Found a faded altar of an unknown god.
  1407 | D:2      | Noticed a green death
  1653 | D:3      | Reached skill level 5 in Ranged Weapons
  1755 | D:3      | Reached XP level 4. HP: 33/33 MP: 4/4
  1928 | D:3      | Found a corrupted altar of Lugonu.
  1928 | D:3      | Found a one-way gate to the infinite horrors of the Abyss.
  2385 | D:4      | Gained mutation: You have a pair of large horns on your
                  | head. [demonic ancestry]
  2385 | D:4      | Reached XP level 5. HP: 38/38 MP: 5/5
  2455 | D:4      | Reached skill level 6 in Ranged Weapons
  3015 | D:5      | Entered Level 5 of the Dungeon
  3094 | D:5      | Noticed an ogre
  3102 | D:5      | Killed an ogre
  3103 | D:5      | Reached XP level 6. HP: 24/44 MP: 6/6
  3221 | D:5      | Reached skill level 7 in Ranged Weapons
  3258 | D:5      | Found a staircase to the Ecumenical Temple.
  3404 | Temple   | Entered the Ecumenical Temple
  3426 | Temple   | Became a worshipper of Hepliaklqana the Forgotten
  3495 | D:5      | Gained mutation: Spells you cast may paralyse adjacent
                  | enemies. [demonic ancestry]
  3495 | D:5      | Reached XP level 7. HP: 50/50 MP: 7/7
  3538 | D:5      | Found a radiant altar of Vehumet.
  3568 | D:5      | Reached skill level 8 in Ranged Weapons
  4161 | D:6      | Reached skill level 9 in Ranged Weapons
  4168 | D:6      | Gained mutation: Spells you cast may paralyse nearby
                  | enemies. [demonic ancestry]
  4168 | D:6      | Reached XP level 8. HP: 56/56 MP: 8/8
  4416 | D:6      | Found a glowing drain.
  4653 | Sewer    | Entered a sewer
  4656 | Sewer    | Reached * piety under Hepliaklqana
  4846 | Sewer    | Reached skill level 10 in Ranged Weapons
  5400 | D:7      | Found Ennach's Jewellery Shop.
  5568 | D:7      | Found an ancient bone altar of Kikubaaqudgha.
  5680 | D:7      | Identified the +9 mace of the Land of Plenty {drain, rElec}
  5769 | D:7      | Reached skill level 11 in Ranged Weapons
  5947 | D:8      | Found a snail-covered altar of Cheibriados.
  6359 | D:8      | Gained mutation: Your touch may inflict minor irresistible
                  | damage on your foes. [demonic ancestry]
  6359 | D:8      | Reached XP level 9. HP: 37/54 MP: 9/9
  6450 | D:8      | Found a staircase to the Lair.
  6633 | D:8      | Reached skill level 12 in Ranged Weapons
  6701 | D:8      | Noticed Joseph
  6716 | D:8      | Shot with a sling bullet by Joseph

Illustrated notes

Levels and vault maps discovered:
D:1:      dpeg_arrival_circle_labyrinth_a, layout_loops_corners
D:2:      layout_basic, dreamdust_ecumenical_altar_sealed_demon
D:3:      layout_loops_ring, lemuel_round_altar,
          amcnicky_altar_lugonu_corruption
D:4:      layout_loops_ring, kennysheep_potato
D:5:      layout_basic, vehumet_crystals, minmay_temple_entry_wispy
D:6:      layout_loops_ring, mainiacjoe_sewer_entry_somewhere_in_here_2,
          serial_bayou_crossing
D:7:      layout_rooms, tgw_kikubaaqudgha, mainiacjoe_overflow_alcove_2,
          minmay_shop_enchanted_jewellery
D:8:      layout_basic, kennysheep_slug_shrine, nicolae_overflow_two_pavilions,
          dpeg_oklobed_lair, st_stairs_6, uniq_joseph
Temple:   hellmonk_temple_forest_ring

Skill      XL: |  1  2  3  4  5  6  7  8  9 |
---------------+----------------------------+-----
Ranged Weapons | 4 5 6 7 9 11 12 | 12.0
Fighting       | |  2.0
Dodging        | |  1.7
Stealth        | |  0.8

Action                     |  1- 3 |  4- 6 |  7- 9 || total
---------------------------+-------+-------+-------++-------
   Fire: Shortbow          |    95 |   135 |   238 ||   468
    Use: Scroll            |     7 |     7 |     3 ||    17
         Potion            |     1 |     1 |       ||     2
 Armour: Leather armour    |    20 |    44 |    38 ||   102
  Dodge: Dodged            |    24 |    41 |    20 ||    85
